 Dungeon Crawl Stone Soup version 0.23-a0-650-ga4d50d4 (webtiles) character file.

105 4thArraOfDagon the Slasher (level 4, 0/33 HPs)
             Began as a Mummy Warper on Jan 2, 2019.
             Slain by a scorpion (4 damage)
             ... on level 4 of the Dungeon.
             The game lasted 00:03:13 (940 turns).

4thArraOfDagon the Slasher (Mummy Warper)            Turns: 940, Time: 00:03:14

Health: 0/33       AC:  8    Str: 14    XL:     4   Next: 54%
Magic:  8/8        EV:  6    Int: 13    God:
Gold:   118        SH:  0    Dex: 14    Spells: 3/8 levels left

rFire    x . .     SeeInvis .   a - +0 falchion
rCold    + . .     Gourm    .   (no shield)
rNeg     + + +     Faith    .   g - +0 chain mail (curse)
rPois    ∞         Spirit   .   (no helmet)
rElec    .         Reflect  .   (no cloak)
rCorr    .         Harm     .   (no gloves)
MR       .....                  (no boots)
Stlth    ..........             (no amulet)
HPRegen  0.11/turn              c - +3 ring of dexterity
MPRegen  0.11/turn              (no ring)

@: no status effects
A: no food or potions, fire vulnerability, cold resistance 1, negative energy
resistance 3, torment resistance, unbreathing
a: no special abilities


You were on level 4 of the Dungeon.
You were not hungry.

You visited 1 branch of the dungeon, and saw 5 of its levels.

You collected 118 gold pieces.

Inventory:

Hand Weapons
 a - a +0 falchion (weapon)
Missiles
 e - 5 tomahawks of dispersal (quivered)
Armour
 b - a +0 leather armour
 g - a cursed +0 chain mail (worn)
Jewellery
 c - a +3 ring of dexterity (left hand)
Scrolls
 d - 2 scrolls of blinking
 f - a scroll of teleportation {unknown}
 h - 3 scrolls of identify {unknown}
 i - 3 scrolls of immolation {unknown}
 j - a scroll of remove curse {unknown}
 k - a scroll of random uselessness {unknown}
 l - a scroll of fog {unknown}
 m - a scroll of enchant armour {unknown}
 n - a scroll of amnesia {unknown}


   Skills:
 - Level 2.0 Fighting
 * Level 4.0 Long Blades
 - Level 0.7 Throwing
 - Level 0.7 Armour
 - Level 1.5 Dodging
 - Level 2.6 Spellcasting
 - Level 2.4 Translocations


You had 3 spell levels left.
You knew the following spells:

 Your Spells              Type           Power        Failure   Level  Hunger
a - Blink                 Tloc           N/A          98%         2    N/A
b - Lesser Beckoning      Tloc           #.........   100%        3    N/A

Your spell library contained the following spells:

 Spells                   Type           Power        Failure   Level  Hunger
 Shroud of Golubria       Chrm/Tloc      #.........   99%         2    N/A
 Gell's Gravitas          Tloc           #.........   100%        3    N/A
 Teleport Other           Tloc           #.......     100%        3    N/A
 Passage of Golubria      Tloc           N/A          100%        4    N/A

Dungeon Overview and Level Annotations

Branches:
Dungeon (5/15)
 Temple: D:4-7

Altars:
Fedhas
Nemelex Xobeh
Zin


Innate Abilities, Weirdness & Mutations

You do not eat or drink.
Your flesh is vulnerable to fire.
You are immune to poison.
Your flesh is cold resistant. (rC+)
You are immune to negative energy. (rN+++)
You are immune to unholy pain and torment.
You can survive without breathing.


Message History

The scorpion is heavily wounded.
The scorpion stings you.
You barely miss the scorpion.
The scorpion is heavily wounded.
The scorpion stings you.
Your chain mail prevents you from hitting the scorpion.
The scorpion is heavily wounded.
The scorpion stings you.
You closely miss the scorpion.
The scorpion is heavily wounded.
The scorpion stings you.
* * * LOW HITPOINT WARNING * * *
You hit the scorpion but do no damage.
The scorpion is heavily wounded.
The scorpion stings you.
* * * LOW HITPOINT WARNING * * *
You hit the scorpion.
The scorpion is heavily wounded.
The scorpion stings you.
You die...

##.###.#.#........
...#...#.#####.##.
##..#.#.... .#.# #
#...#.###.###.#.# #
#(..# #.....#.#.. .
#..## #.#.#...#####
#..##.#.(..........
#.....#............
####@# #............
#..s.# #............
#.#### #............
#...# #...s.....[..
###.#####...#####....
#...s.#...#####....
#####.#............
#.....######.###
#.........##.#


You could see a scorpion.

Vanquished Creatures
  A hound (D:4)
  4 adders
  An adder zombie (D:5)
  A dart slug (D:1)
  2 leopard geckos
  A ball python (D:3)
  A giant cockroach (D:3)
  5 goblins
  3 hobgoblins
  A jackal (D:2)
  4 kobolds
  5 bats
  A frilled lizard (D:1)
  3 rats
33 creatures vanquished.

Notes
Turn   | Place    | Note
-------+----------+-------------------------------------------
     0 | D:1      | 4thArraOfDagon the Mummy Warper began the quest for the
                  | Orb.
     0 | D:1      | Reached XP level 1. HP: 16/16 MP: 4/4
    41 | D:1      | Reached skill level 2 in Long Blades
    61 | D:1      | Reached XP level 2. HP: 8/22 MP: 5/5
   273 | D:2      | Found a blossoming altar of Fedhas.
   459 | D:3      | Found a sparkling altar of Nemelex Xobeh.
   467 | D:3      | Reached XP level 3. HP: 24/27 MP: 7/7
   530 | D:4      | Reached skill level 3 in Long Blades
   543 | D:4      | Learned a level 2 spell: Blink
   547 | D:4      | Learned a level 3 spell: Lesser Beckoning
   552 | D:4      | Noticed a scorpion
   555 | D:5      | Entered Level 5 of the Dungeon
   571 | D:5      | Noticed a phantom
   576 | D:5      | Found a glowing silver altar of Zin.
   758 | D:4      | Reached XP level 4. HP: 24/33 MP: 8/8
   768 | D:4      | Reached skill level 4 in Long Blades
   940 | D:4      | Slain by a scorpion

Vault maps used:
D:1:      wheals_arrival_shading
D:2:      overflow_temple_1_default, marbit_many_paths, uniq_robin
D:3:      old_standard_altar, serial_curves, eino_curves_04, eino_curves_02,
          uniq_natasha, uniq_jessica
D:4:      lemuel_crystal_altar, first_ration
D:5:      kennysheep_little_box, minmay_temple_entry_fiery, serial_undead,
          serial_undead_a, serial_undead_d, serial_undead_b, serial_undead_a,
          minmay_shop_mass, lemuel_statue_altar

Skill      XL: |  1  2  3  4 |
---------------+-------------+-----
Long Blades    | 2 3 4 |  4.0
Fighting       | |  2.0
Throwing       | |  0.7
Armour         | |  0.7
Dodging        | |  1.5
Spellcasting   | |  2.6
Translocations | |  2.4

Action                   |  1- 3 |  4- 6 || total
-------------------------+-------+-------++-------
Melee: Falchion          |   112 |    36 ||   148
Armor: Leather armour    |    14 |       ||    14
       Chain mail        |    76 |    20 ||    96
Dodge: Dodged            |    58 |     8 ||    66
       Rpst.: Falchion   |    22 |     1 ||    23

Table legend:
 A = Non-vault XP
 B = Vault XP
 C = Vault XP percentage of total XP
 D = Non-vault monster count
 E = Vault monster count
 F = Vault count percentage of total count
                 A         B        C        D         E       F
            +---------+---------+-------+---------+---------+-------
      Total |     145 |       6 |   4.0 |      30 |       3 |   9.1
            +---------+---------+-------+---------+---------+-------
        D:1 |      24 |       0 |   0.0 |      13 |       0 |   0.0
        D:2 |       2 |       6 |  75.0 |       2 |       3 |  60.0
        D:3 |      17 |       0 |   0.0 |       9 |       0 |   0.0
        D:4 |      84 |       0 |   0.0 |       4 |       0 |   0.0
        D:5 |      18 |       0 |   0.0 |       2 |       0 |   0.0
            +---------+---------+-------+---------+---------+-------
